 Dungeon Sprint DCSS version 0.21.1-1-g345015f (webtiles) character file.

12000000 joklet the Axe Maniac (level 27, -4/298 HPs)
             Began as a Deep Dwarf Berserker on Mar 12, 2018.
             Was the Champion of Makhleb.
             Killed from afar by an observer (14 damage)
             ... with a fireball
             ... in the Dungeon (Sprint VIII: "Arena of Blood").
             The game lasted 00:02:54 (120 turns).

joklet the Axe Maniac (Deep Dwarf Berserker)         Turns: 120, Time: 00:02:55

Health: -4/298     AC:  4    Str: 24    XL:     27
Magic:  38/54      EV: 35    Int:  9    God:    Makhleb [******]
Gold:   0          SH:  0    Dex: 21    Spells: 80/80 levels left

rFire    + . .     SeeInvis .   j - +∞ Axe of Woe
rCold    . . .     Gourm    .   (shield currently unavailable)
rNeg     + . .     Faith    .   b - +0 animal skin
rPois    .         Spirit   .   (no helmet)
rElec    .         Reflect  .   (no cloak)
rCorr    .         Harm     .   (no gloves)
MR       ++++.     NoTele   +   (no boots)
Stlth    +++++++++.             (no amulet)
HPRegen  0.00/turn              f - ring of protection from fire
MPRegen  0.34/turn              (no ring)

@: very slightly contaminated, non-regenerating
A: damage resistance, heal wounds, negative energy resistance 1, sense
surroundings 3, no regeneration
a: Heal Wounds, Minor Destruction, Lesser Servant of Makhleb, Major Destruction,
Greater Servant of Makhleb, Renounce Religion


You were in the Dungeon.
You worshipped Makhleb.
Makhleb was exalted by your worship.
You were not hungry.

You visited 1 branch

Inventory:

Hand Weapons
 a - a +0 hand axe
 j - the +∞ Axe of Woe (weapon)
   (You found it in the Dungeon)
Armour
 b - a +0 animal skin (worn)
Jewellery
 f - a ring of protection from fire (left hand)
Potions
 d - a potion of curing
 e - a potion of heal wounds
 g - 2 potions of magic
 h - a potion of berserk rage
Comestibles
 c - a ration


   Skills:
 O Level 27 Fighting
 O Level 27 Axes
 O Level 27 Throwing
 O Level 27 Armour
 O Level 27 Dodging
 O Level 27 Stealth
 O Level 27 Unarmed Combat
 O Level 27 Spellcasting
 O Level 27 Invocations


You had 80 spell levels left.
You didn't know any spells.

Dungeon Overview and Level Annotations

Branches:
Dungeon (1/1)

Altars:
Makhleb


Innate Abilities, Weirdness & Mutations

You are resistant to damage.
You can heal yourself by infusing magical energy.
You resist negative energy. (rN+)
You passively map a large area around you.
You do not regenerate.


Message History

Reactivating autopickup.
Your life force feels restored.
You feel a bit more experienced.
You hear a shout! x2; You feel something staring at you.
A bolt of fire appears from out of thin air!
Deactivating autopickup; reactivate with Ctrl-A.
The bolt of fire hits you! You resist.
* * * LOW HITPOINT WARNING * * *
The eight-headed meat hydra calls on the powers of darkness!
The eight-headed meat hydra convulses!
Your body is wracked with pain!
* * * LOW HITPOINT WARNING * * *
The bag of meat convulses!
You hear a shout! x5
The eight-headed meat hydra calls on the powers of darkness!
The eight-headed meat hydra convulses!
The bag of meat convulses!
Your body is wracked with pain!
You hear a shout!
You feel something staring at you.
A fireball appears from out of thin air!
The fireball explodes!
The fireball engulfs you! You resist.
You die...

###.. ,, ####....D
, #........ ,,
#........ *,
#.....z.. ...#....
#..%o...###...#...
#.....###....%.#..
#....#............
#@.......#........
#.....{...#.......
#.D.)))......#....
#....))))§#...)..#
#))).#)))§.).)).))
#§§).##))))...#)).
#)§.%.#...%.#...))
#§§....###..%.....
#§§...##....#.....


You could see 2 eight-headed meat hydras, a sculptor of flesh and a bag of meat.

Vanquished Creatures
  3 hell beasts (D)
  2 greater mummies (D)
  A wraith (D)
  7 vampire knights (D)
  22 ogres (D)
  6 two-headed ogres (D)
  3 liches (D)
  A hydra (D)
  90 orcs (D)
  3 phantoms (D)
  A skeletal warrior (D)
139 creatures vanquished.

Vanquished Creatures (others)
  3 orcs (D)
3 creatures vanquished.

Grand Total: 142 creatures vanquished

Notes
Turn   | Place    | Note
-------+----------+-------------------------------------------
     0 | D        | Found the +∞ Axe of Woe
     0 | D        | joklet the Deep Dwarf Berserker began the quest for the Orb.
     0 | D        | Reached XP level 1. HP: 20/20 MP: 1/1
     3 | D        | Noticed a bag of meat
     4 | D        | Fell from the grace of Trog
     4 | D        | Became a worshipper of Makhleb the Destroyer
     7 | D        | Noticed a bag of meat
     7 | D        | Noticed a bag of meat
     7 | D        | Noticed a meat berserker
     8 | D        | Noticed a bag of meat
     8 | D        | Noticed a bag of meat
     9 | D        | Noticed a bag of meat
     9 | D        | Noticed a bag of meat
     9 | D        | Noticed a bag of meat
    10 | D        | Noticed a bag of meat
    10 | D        | Noticed a bag of meat
    12 | D        | Killed a bag of meat
    12 | D        | Reached XP level 2. HP: 55/55 MP: 2/2
    12 | D        | Reached XP level 3. HP: 62/62 MP: 3/3
    12 | D        | Reached XP level 4. HP: 70/70 MP: 4/4
    12 | D        | Reached XP level 5. HP: 78/78 MP: 5/5
    12 | D        | Reached XP level 6. HP: 87/87 MP: 6/6
    12 | D        | Reached XP level 7. HP: 94/94 MP: 7/7
    12 | D        | Reached XP level 8. HP: 103/103 MP: 8/8
    12 | D        | Gained mutation: You passively map the area around you. [Deep Dwarf growth]
    12 | D        | Reached XP level 9. HP: 110/110 MP: 9/9
    12 | D        | Reached XP level 10. HP: 118/118 MP: 10/10
    12 | D        | Reached XP level 11. HP: 126/126 MP: 11/11
    13 | D        | Noticed a bag of meat
    13 | D        | Killed a bag of meat
    13 | D        | Reached * piety under Makhleb
    13 | D        | Reached XP level 12. HP: 141/141 MP: 12/12
    14 | D        | Killed a bag of meat
    14 | D        | Reached XP level 13. HP: 153/153 MP: 13/13
    14 | D        | Killed a bag of meat
    14 | D        | Gained mutation: You resist negative energy. (rN+) [Deep Dwarf growth]
    14 | D        | Reached XP level 14. HP: 165/165 MP: 14/14
    15 | D        | Killed a bag of meat
    15 | D        | Reached ** piety under Makhleb
    15 | D        | Reached skill level 15 in Armour
    15 | D        | Reached skill level 15 in Dodging
    15 | D        | Killed a meat berserker
    15 | D        | Reached skill level 27 in Axes
    15 | D        | Reached XP level 15. HP: 184/184 MP: 15/15
    17 | D        | Reached *** piety under Makhleb
    17 | D        | Reached skill level 27 in Fighting
    17 | D        | Reached XP level 16. HP: 200/200 MP: 16/16
    19 | D        | Noticed a meat berserker
    19 | D        | Noticed a meat berserker
    20 | D        | Noticed a meat berserker
    22 | D        | Noticed a destroyer
    22 | D        | Noticed a destroyer
    24 | D        | Killed a meat berserker
    24 | D        | Reached XP level 17. HP: 208/208 MP: 17/17
    25 | D        | Noticed a destroyer
    27 | D        | Noticed a large bag of meat
    27 | D        | Killed a destroyer
    27 | D        | Reached **** piety under Makhleb
    27 | D        | Reached skill level 27 in Armour
    27 | D        | Reached skill level 27 in Dodging
    27 | D        | Gained mutation: You passively map a large area around you. [Deep Dwarf growth]
    27 | D        | Reached XP level 18. HP: 218/218 MP: 18/18
    27 | D        | Reached skill level 27 in Stealth
    28 | D        | Killed a meat berserker
    28 | D        | Reached skill level 10 in Spellcasting
    28 | D        | Reached skill level 15 in Invocations
    28 | D        | Killed a meat berserker
    28 | D        | Reached ***** piety under Makhleb
    28 | D        | Reached XP level 19. HP: 226/226 MP: 18/36
    30 | D        | Noticed a destroyer
    31 | D        | Noticed a meat berserker
    32 | D        | Noticed a meat berserker
    32 | D        | Noticed a large bag of meat
    33 | D        | Reached skill level 15 in Throwing
    33 | D        | Reached skill level 15 in Unarmed Combat
    33 | D        | Reached skill level 15 in Spellcasting
    34 | D        | Noticed a meat berserker
    34 | D        | Noticed a meat berserker
    34 | D        | Noticed a meat berserker
    34 | D        | Killed a destroyer
    34 | D        | Reached XP level 20. HP: 236/236 MP: 18/42
    34 | D        | Reached skill level 27 in Invocations
    36 | D        | Killed a destroyer
    36 | D        | Reached ****** piety under Makhleb
    36 | D        | Reached XP level 21. HP: 244/244 MP: 19/48
    38 | D        | Reached skill level 27 in Throwing
    38 | D        | Reached skill level 27 in Unarmed Combat
    38 | D        | Reached skill level 27 in Spellcasting
    38 | D        | Reached XP level 22. HP: 254/254 MP: 19/53
    41 | D        | Reached XP level 23. HP: 262/262 MP: 20/54
    42 | D        | Killed a destroyer
    43 | D        | Noticed a large bag of meat
    43 | D        | Reached XP level 24. HP: 272/272 MP: 20/54
    47 | D        | Reached XP level 25. HP: 280/280 MP: 21/54
    51 | D        | Noticed a tyrant
    51 | D        | Reached XP level 26. HP: 290/290 MP: 21/54
    51 | D        | Killed a large bag of meat
    54 | D        | Reached XP level 27. HP: 298/298 MP: 22/54
    54 | D        | Killed a large bag of meat
    57 | D        | Noticed a destroyer
    60 | D        | Killed a large bag of meat
    61 | D        | Noticed a large bag of meat
    61 | D        | Killed a tyrant
    63 | D        | Killed a destroyer
    67 | D        | Noticed a meat beast
    70 | D        | Noticed an accursed
    70 | D        | Noticed a destroyer
    74 | D        | Noticed a destroyer
    75 | D        | Killed a meat beast
    76 | D        | Noticed a tyrant
    78 | D        | Killed a destroyer
    81 | D        | Noticed a tyrant
    82 | D        | Killed a large bag of meat
    84 | D        | Noticed a meat beast
    86 | D        | Noticed a meat beast
    87 | D        | Killed a meat beast
    88 | D        | Killed a destroyer
    88 | D        | Killed an accursed
    89 | D        | Killed a meat beast
    93 | D        | Killed a tyrant
    94 | D        | Noticed a dread
   101 | D        | Noticed a large bag of meat
   102 | D        | Noticed a large bag of meat
   102 | D        | Killed a tyrant
   109 | D        | Killed a large bag of meat
   111 | D        | Noticed a tyrant
   111 | D        | Killed a large bag of meat
   111 | D        | Killed a dread
   112 | D        | Noticed an accursed
   116 | D        | Killed an accursed
   120 | D        | HP: 14/298 [something/bolt of fire (37)]
   120 | D        | Killed from afar by an observer

Skill      XL: |  1  2  3  4  5  6  7  8  9 10 11 12 13 14 15 16 17 18 19 20 21 |
---------------+----------------------------------------------------------------+-----
Fighting       | 16 18 20 21 25 27 | 27.0
Axes           | 19 21 23 24 27 | 27.0
Armour         | 11 12 13 14 17 20 26 27 | 27.0
Dodging        | 11 12 13 14 17 19 26 27 | 27.0
Stealth        | 7 26 27 | 27.0
Throwing       | 14 20 25 27 | 27.0
Unarmed Combat | 14 20 24 27 | 27.0
Spellcasting   | 13 18 23 27 | 27.0
Invocations    | 19 26 27 | 27.0

Action                   |  1- 3 |  4- 6 |  7- 9 | 10-12 | 13-15 | 16-18 | 19-21 | 22-24 | 25-27 || total
-------------------------+-------+-------+-------+-------+-------+-------+-------+-------+-------++-------
Melee: Executioner's axe |     1 |       |       |     2 |     2 |     5 |     4 |     7 |    52 ||    73
  Use: Potion            |     1 |       |       |       |       |       |       |       |       ||     1
       Scroll            |       |       |       |       |       |       |       |       |     1 ||     1
Dodge: Dodged            |       |       |       |       |       |       |       |       |     4 ||     4
